 Dungeon Crawl Stone Soup version 0.29.1-15-g9cfb28693d (webtiles) character file.

Game seed: 3835712170138412765

3574 raph the Summoner (level 9, -5/46 HPs)
             Began as a Deep Elf Summoner on Apr 25, 2023.
             Was a Believer of Hepliaklqana.
             Slain by an eight-headed hydra (12 damage)
             ... on level 7 of the Dungeon.
             The game lasted 00:19:10 (8161 turns).

raph the Summoner (Deep Elf Summoner)               Turns: 8161, Time: 00:19:11

Health: -5/46      AC:  6    Str:  5    XL:     9   Next: 84%
Magic:  3/21       EV: 14    Int: 25    God:    Hepliaklqana [**....]
Gold:   185        SH:  0    Dex: 18    Spells: 4/22 levels left

rFire   + . .      SeeInvis .   x - +3 dagger (drain)
rCold   + . .      Faith    .   (no shield)
rNeg    . . .      Spirit   .   w - +0 leather armour {rC+}
rPois   .          Reflect  .   l - +1 helmet
rElec   .          Harm     .   (no cloak)
rCorr   .          Rampage  .   (no gloves)
Will    .....                   v - +0 pair of boots
Stlth   +++.......              n - amulet of Nagh {Regen+ Dex+3}
HPRegen 0.95/turn               k - ring of protection from fire
MPRegen 0.17/turn               (no ring)

@: no status effects
A: reduced essence
a: Renounce Religion, Recall Ancestor, Ancestor Identity


You were on level 7 of the Dungeon.
You worshipped Hepliaklqana.
Hepliaklqana was pleased with you.
You visited 1 branch of the dungeon, and saw 7 of its levels.

You collected 325 gold pieces.
You spent 140 gold pieces at shops.

Inventory:

Hand Weapons
 c - a +0 dagger of freezing
 e - a +3 short sword of holy wrath
 x - a +3 dagger of draining (weapon)
Missiles
 g - a throwing net
 m - 10 poisoned darts
Armour
 a - a +0 robe
 l - a +1 helmet (worn)
 v - a +0 pair of boots (worn)
 w - a +0 leather armour of cold resistance (worn)
Magical Staves
 u - a staff of death
Jewellery
 k - a ring of protection from fire (left hand)
 n - the amulet of Nagh (around neck) {Regen+ Dex+3}
   (You found it on level 3 of the Dungeon)

   [amulet of regeneration]

   Dex:       It affects your dexterity (+3).
   Regen:     It increases your rate of health regeneration.
 o - a ring of ice
Scrolls
 r - 4 scrolls of teleportation
 t - a scroll of poison
 y - a scroll of brand weapon
Potions
 b - a potion of magic
 d - a potion of resistance
 f - 2 potions of heal wounds
 h - 2 potions of cancellation
 i - 3 potions of brilliance
 j - a potion of haste
 p - 2 potions of curing
 q - 2 potions of mutation
 z - a potion of lignification {unknown}
 A - a potion of ambrosia


   Skills:
 + Level 3.7 Fighting
 + Level 4.4 Short Blades
 + Level 6.3 Dodging
 + Level 6.5 Stealth
 + Level 7.0 Spellcasting
 + Level 3.2 Hexes
 + Level 10.1 Summonings
 + Level 3.0 Air Magic


You had 4 spell levels left.
You knew the following spells:

 Your Spells              Type           Power      Damage    Failure   Level
a - Summon Small Mammal   Summ           100%       N/A       1%          1
b - Call Imp              Summ           56%        N/A       1%          2
c - Call Canine Familiar  Summ           56%        N/A       1%          3
d - Summon Guardian Gole  Hex/Summ       42%        N/A       2%          3
e - Summon Lightning Spi  Summ/Air       41%        N/A       8%          4
f - Blink                 Tloc           16%        N/A       17%         2
g - Tukima's Dance        Hex            24%        N/A       9%          3

Your spell library contained the following spells:

 Spells                   Type           Power      Damage    Failure   Level
 Confusing Touch          Hex            24%        N/A       9%          3
 Apportation              Tloc           16%        N/A       11%         1
 Beastly Appendage        Tmut           16%        N/A       11%         1
 Foxfire                  Conj/Fire      32%        2x1d5     11%         1
 Necrotise                Necr           32%        1d5       11%         1
 Inner Flame              Hex/Fire       16%        N/A       17%         3
 Conjure Flame            Conj/Fire      8%         6-21      32%         3
 Flame Wave               Conj/Fire      8%         2d5       73%         4
 Passage of Golubria      Tloc           8%         N/A       73%         4
 Yara's Violent Unravell  Hex/Tmut       8%         3d5       85%         5
 Fireball                 Conj/Fire      4%         3d4       97%         5
 Iskenderun's Battlesphe  Conj           8%         2d6       97%         5
 Manifold Assault         Tloc           8%         N/A       97%         5
 Iron Shot                Conj/Erth      4%         9d2       100%        6
 Dragon Form              Tmut           4%         N/A       100%        7
 Enfeeble                 Hex            12%        N/A       100%        7
 Spellforged Servitor     Conj/Summ      17%        N/A       100%        7
 Storm Form               Tmut/Air       8%         N/A       100%        7
 Ignition                 Fire           4%         3d4       100%        8
 Necromutation            Tmut/Necr      4%         N/A       100%        8


Dungeon Overview and Level Annotations

Branches:
Dungeon (7/15)             Temple (0/1) D:5

Altars:
Dithmenos
Hepliaklqana

Shops:
D:1 (   D:6 *?=(

Annotations:
D:4 1 runed translucent door, enotiy's ghost, novice GrFi


Message History

Your butterfly disappears in a burst of colours!
The tengu warrior hits your butterfly with a +0 battleaxe!
Your butterfly dies!
Your butterfly disappears in a burst of colours!
The tengu warrior pecks your butterfly!
Your butterfly dies!
Your butterfly disappears in a burst of colours!
The tengu warrior hits your butterfly with a +0 battleaxe!
Your butterfly dies!
Your butterfly disappears in a burst of colours!
The tengu warrior closely misses your butterfly.
Casting: Call Canine Familiar (safe; 1% risk of failure)
Confirm with . or Enter, or press ? or * to list all spells.
You don't have enough magic to cast this spell.
Found a ring mail.
There is an open door here.
You close the door.
Something unseen opens the door.
Found a stone staircase leading down.
There is an open door here.
You close the door.
Something unseen opens the door.
Artakama emerges from the mists of memory!
Artakama closely misses the eight-headed hydra.
Artakama hits the eight-headed hydra with a +0 flail.
Casting: Call Canine Familiar (safe; 1% risk of failure)
Confirm with . or Enter, or press ? or * to list all spells.
The tengu warrior hits Artakama with a +0 battleaxe!!
The tengu warrior closely misses Artakama.
The tengu warrior claws Artakama but does no damage.
Casting: Summon Small Mammal (safe; 1% risk of failure)
Confirm with . or Enter, or press ? or * to list all spells.
Your bat hits the eight-headed hydra.
Your rat closely misses the eight-headed hydra.
The eight-headed hydra attacks as you move away!
The eight-headed hydra bites you! x2
* * * LOW HITPOINT WARNING * * *
The eight-headed hydra completely misses you.
The eight-headed hydra bites you!
You die...

############## ########
.)...)....#....#......#......
.....)....#.....@.....#......
..........#....#.Dr...+.....
.########.#### ###Rb.##....
.########.########.Q.##.># ###
.)...........#.......##..##..#
.............#...............#
#####.)##...##...............#
...##..###)......#...##..##..#
...#.......#####..##+##'###


You could see the friendly Artakama the knight, an eight-headed hydra (ally
target), a tengu warrior, a friendly bat (summoned) and a friendly rat
(summoned).

Vanquished Creatures
  An ice beast (D:7)
  A scorpion (D:4)
  A howler monkey (D:5)
  A hound (D:6)
  3 jellies
  2 iguanas (D:6)
  2 adders
  A white imp (D:5)
  2 worms
  3 dart slugs
  6 orcs
  5 endoplasms
  3 giant cockroaches
  6 goblins
  3 hobgoblins
  2 jackals (D:5)
  6 kobolds
  4 quokkas
  10 ball pythons
  4 bats
  2 frilled lizards
  A rat (D:1)
  A spectral orc (D:4)
70 creatures vanquished.

Vanquished Creatures (collateral kills)
  A two-headed ogre (D:7)
  Sigmund (D:5)
  Edmund (D:5)
  A black bear (D:7)
  2 centaurs
  2 phantoms
  2 necrophages
  A gnoll sergeant (D:6)
  3 scorpions
  Dowan (D:5)
  3 hounds
  2 orc priests
  A gnoll bouda (D:7)
  2 jellies
  3 iguanas
  3 orc wizards
  4 gnolls (D:6)
  4 adders
  A white imp (D:6)
  3 ufetubi
  A dart slug (D:2)
  13 orcs
  6 endoplasms
  A giant cockroach (D:1)
  2 goblins
  6 hobgoblins
  4 jackals
  4 kobolds
  A ball python (D:1)
  4 bats
  4 frilled lizards
  4 rats
91 creatures vanquished.

Vanquished Creatures (others)
  A gargoyle (D:7)
  A troll (D:7)
  Duvessa (D:5)
  An orc warrior (D:7)
  A sky beast (D:7)
  A bullfrog (D:7)
  An orc priest (D:7)
  An iguana (D:4)
  An orc wizard (D:7)
  A knight (D:7)
  4 gnolls
  6 orcs
  15 plants
35 creatures vanquished.

Grand Total: 196 creatures vanquished

Notes
Turn   | Place    | Note
-------+----------+-------------------------------------------
     0 | D:1      | raph the Deep Elf Summoner began the quest for the Orb.
     0 | D:1      | Reached XP level 1. HP: 10/10 MP: 6/6
   557 | D:1      | Reached XP level 2. HP: 15/15 MP: 5/8
   603 | D:1      | Reached skill level 5 in Summonings
   717 | D:1      | Learned a level 2 spell: Call Imp
  1077 | D:1      | Found Babobegu's Weapon Shoppe.
  1085 | D:1      | Reached XP level 3. HP: 18/19 MP: 4/9
  1089 | D:1      | Learned a level 3 spell: Call Canine Familiar
  2544 | D:2      | Reached skill level 6 in Summonings
  2718 | D:2      | Reached XP level 4. HP: 24/24 MP: 7/10
  2750 | D:2      | Learned a level 3 spell: Summon Guardian Golem
  2869 | D:2      | Found a faded altar of an unknown god.
  3368 | D:3      | Identified the amulet of Nagh {Regen+ Dex+3}
  3763 | D:4      | Noticed enotiy's ghost (novice GrFi)
  3806 | D:4      | Found a hazy altar of Hepliaklqana.
  3831 | D:4      | Became a worshipper of Hepliaklqana the Forgotten
  4190 | D:4      | Identified a scroll of acquirement
  4190 | D:4      | Acquired Sif Muna's Encyclopedia of Variation and the
                  | Volcanoes
  4252 | D:4      | Reached skill level 7 in Summonings
  4252 | D:4      | Reached XP level 5. HP: 11/28 MP: 5/11
  4475 | D:4      | Found a shadowy altar of Dithmenos.
  4657 | D:4      | Found a runed translucent door.
  4737 | D:5      | Entered Level 5 of the Dungeon
  4741 | D:5      | Noticed a phantom
  4755 | D:5      | Killed a phantom
  4756 | D:5      | Reached skill level 8 in Summonings
  4756 | D:5      | Reached XP level 6. HP: 19/32 MP: 2/12
  4910 | D:5      | Reached * piety under Hepliaklqana
  5118 | D:5      | Noticed Duvessa
  5128 | D:5      | Noticed Dowan
  5132 | D:5      | Killed Duvessa
  5133 | D:5      | Reached skill level 1 in Short Blades
  5133 | D:5      | Reached XP level 7. HP: 33/33 MP: 8/14
  5138 | D:5      | Noticed Edmund
  5166 | D:5      | Noticed Sigmund
  5187 | D:4      | Reached skill level 1 in Fighting
  5771 | D:5      | Killed Dowan
  5943 | D:5      | Killed Edmund
  5950 | D:5      | Killed Sigmund
  5951 | D:5      | Reached skill level 9 in Summonings
  6060 | D:5      | Found a staircase to the Ecumenical Temple.
  6072 | D:5      | Reached XP level 8. HP: 24/39 MP: 10/16
  6489 | D:6      | Found Zedghuh's General Store.
  6492 | D:6      | Bought a potion of degeneration for 15 gold pieces
  6492 | D:6      | Bought a scroll of identify for 30 gold pieces
  6697 | D:6      | Found Xeor's Jewellery Shoppe.
  6794 | D:6      | Found Ceegeih's Antique Weapon Shoppe.
  6804 | D:6      | Reached skill level 5 in Spellcasting
  7220 | D:6      | Reached ** piety under Hepliaklqana
  7221 | D:6      | Remembered your ancestor Artakama as a knight
  7341 | D:6      | Learned a level 4 spell: Summon Lightning Spire
  7341 | D:6      | Found Qyheluav's Magic Scroll Shop.
  7357 | D:6      | Bought a scroll of enchant armour for 75 gold pieces
  7357 | D:6      | Bought a scroll of identify for 20 gold pieces
  7372 | D:6      | Reached skill level 5 in Stealth
  7656 | D:7      | Reached skill level 5 in Dodging
  7709 | D:7      | Noticed a gargoyle
  7721 | D:7      | Killed a gargoyle
  7722 | D:7      | Reached skill level 1 in Air Magic
  7722 | D:7      | Reached XP level 9. HP: 45/45 MP: 17/19
  7725 | D:7      | Learned a level 2 spell: Blink
  7729 | D:7      | Learned a level 3 spell: Tukima's Dance
  7870 | D:7      | Reached skill level 1 in Hexes
  7908 | D:7      | Noticed a troll
  7917 | D:7      | Noticed a two-headed ogre
  7926 | D:7      | Killed a troll
  7930 | D:7      | Killed a two-headed ogre
  7931 | D:7      | Reached skill level 10 in Summonings
  8102 | D:7      | Noticed an eight-headed hydra
  8106 | D:7      | Noticed a tengu warrior
  8161 | D:7      | Slain by an eight-headed hydra

Illustrated notes

Levels and vault maps discovered:
D:1:      lightli_iron_boxes, layout_loops_ring, serial_shops, shop
D:2:      layout_basic, serial_glass, glass_columns_b, glass_columns_b,
          shapermc_ecumenical_altar_hornbeckon, nrook_campfire
D:3:      layout_rooms
D:4:      layout_rooms, kennysheep_mini, nicolae_hepliaklqana_monster_ancestors,
          hellmonk_ghost_happy_afterlife, grunt_ministairs_9
D:5:      corexii_shack_village, layout_basic, minmay_temple_entry_mini_moons,
          hangedman_decor_riveting, uniq_edmund, uniq_sigmund, uniq_duvessa
D:6:      layout_loops_corners, serial_shops, shop_scrolls,
          nicolae_stop_n_shop_1, nicolae_shop_crystal, shop, grunt_ministairs_2
D:7:      nzn_winding_woodlands_small [nzn_winding_woodlands_5x15_pool,
          nzn_winding_woodlands_center_garden,
          nzn_winding_woodlands_5x15_river_crossing], layout_gridville,
          nicolae_gozag_cash_rules_everything_around_me, minmay_circle_x

Skill      XL: |  1  2  3  4  5  6  7  8  9 |
---------------+----------------------------+-----
Summonings     | 5 6 7 8 9 10 | 10.1
Short Blades   | 1 2 3 4 |  4.4
Dodging        | 3 4 5 6 |  6.3
Stealth        | 3 4 5 6 |  6.5
Fighting       | 1 3 |  3.7
Spellcasting   | 4 5 7 |  7.0
Air Magic      | 1 3 |  3.0
Hexes          | 3 |  3.2

Action                   |  1- 3 |  4- 6 |  7- 9 || total
-------------------------+-------+-------+-------++-------
Melee: Dagger            |     5 |       |    78 ||    83
       Short sword       |    71 |    87 |     3 ||   161
       Punch             |     1 |       |     1 ||     2
 Cast: Summon Small Mamm |    39 |    27 |    38 ||   104
       Call Imp          |    12 |    11 |    21 ||    44
       Call Canine Famil |     2 |    10 |    14 ||    26
       Summon Guardian G |       |     5 |    22 ||    27
       Summon Lightning  |       |       |     2 ||     2
       Blink             |       |       |     1 ||     1
Invok: Recall Ancestor   |       |       |     3 ||     3
       Ancestor Life: Kn |       |       |     1 ||     1
  Use: Scroll            |     5 |     4 |    11 ||    20
       Potion            |       |       |     1 ||     1
 Stab: Distracted        |     1 |     1 |     1 ||     3
       Sleeping          |     3 |     6 |     2 ||    11
Armor: Robe              |    28 |    28 |       ||    56
       Leather armour    |       |       |    35 ||    35
Dodge: Dodged            |    70 |    98 |    87 ||   255
